[Event "Early-Titled-Tuesday-Blitz-September-12-2023"]
[Site "Chess.com"]
[Date "2023.09.12"]
[Round "4"]
[White "Mikasinski"]
[Black "Payyappat"]
[Result "1-0"]
[WhiteElo "2679"]
[BlackElo "2493"]
[TimeControl "180+1"]
[EndTime "8:38:17 PDT"]
[Termination "Mikasinski won by resignation"]

1. e4 c6 2. d4 d5 3. e5 Bf5 4. h4 Qc7 5. Ne2 e6 6. Ng3 Ne7 7. Nc3 Nd7 8. Bg5 f6 9. exf6 gxf6 10.
Nxf5 Nxf5 11. Qh5+ Kd8 12. Bd2 Nxd4 13. O-O-O Nf5 14.
Re1 Qb6 15. Bd3 Ng7 16. Qg4 e5 17. f3 Kc7 18. h5 h6 19. Qg6 Re8 20. Rh4 Kb8 21.
Rd1 Qd8 22. Kb1 Ne6 23. Qf5 Nd4 24. Qh3 Nc5 25. Bg6 Re6 26. Be3 Qb6 27. Bxd4 exd4 28.
Rhxd4 Bd6 29. Ka1 Be5 30. b4 Bxd4 31. Rxd4 Nb3+ 32. axb3 Qxd4 33. Qxe6 Qxc3+ 34. Ka2 Qe5 35. Qd7 a5 36. bxa5 Ka7 37. Qg7 Ra8 38. Qxh6 Ka6 39. b4 Qc3 40. Bd3+ Ka7 41. Qe3+ d4 42. Qe7 Qxb4 43. Qxb4 1-0

[Event "Early-Titled-Tuesday-Blitz-September-12-2023"]
[Site "Chess.com"]
[Date "2023.09.12"]
[Round "4"]
[White "KononenkoD"]
[Black "Rakitic2010"]
[Result "1-0"]
[WhiteElo "2589"]
[BlackElo "2409"]
[TimeControl "180+1"]
[EndTime "8:38:17 PDT"]
[Termination "KononenkoD won by resignation"]

1. e4 Nf6 2. e5 Nd5 3. c4 Nb6 4. a4 a5 5. Ra3 d6 6. exd6 cxd6 7. d4 g6 8. h4 h5 9. Re3 Bg7 10. Nf3 Bg4 11. Be2 Nc6 12. Rd3 Nxc4 13. Nbd2 Nxd2 14. Bxd2 Qb6 15. O-O O-O 16. d5 Bxf3 17. Bxf3 Ne5 18. Rb3 Qc7 19. Be4 Rac8 20. Qe2 Qc4 21. Qxc4 Rxc4 22.
Bb1 Rxa4 23. Rxb7 Rxh4 24. Bxa5 Nc4 25. Bc3 Bxc3 26. bxc3 Rc8 27. g3 Rg4 28. Re1 Ne5 29. Kg2 Rxc3 30. Rxe7 h4 31. R1xe5 dxe5 32. d6 Kf8 33. Ba2 hxg3 34. Rxf7+ Ke8 35. d7+ Kd8 36. Be6 gxf2+ 37. Bxg4 Kc7 38. Rf8 Rd3 39. Rc8+ Kb7 40. d8=Q Rg3+ 41. Kxf2 Rxg4 42. Qc7+ Ka6 43. Qc6+ Ka5 44.
Qa8+ Kb4 45. Qb7+ Ka3 46. Ra8+ Ra4 47. Qf3+ Kb4 48. Qe4+ 1-0

[Event "Early-Titled-Tuesday-Blitz-September-12-2023"]
[Site "Chess.com"]
[Date "2023.09.12"]
[Round "4"]
[White "attack2mateU"]
[Black "MITerryble"]
[Result "0-1"]
[WhiteElo "2736"]
[BlackElo "2937"]
[TimeControl "180+1"]
[EndTime "8:38:19 PDT"]
[Termination "MITerryble won by checkmate"]

1. e4 e6 2. d4 d5 3. Nc3 Nf6 4. e5 Nfd7 5. f4 c5 6. Nf3 Nc6 7. Be3 Be7 8. a3 b6 9. Bb5 Bb7 10. Qd2 g6 11. O-O c4 12. Kh1 a6 13. Bxc6 Bxc6 14.
f5 exf5 15. e6 fxe6 16. Bh6 Nf6 17. Bg7 Rg8 18. Bxf6 Bxf6 19. Rae1 Kd7 20. Ne5+ Bxe5 21. Rxe5 Qf6 22. Rfe1 Rae8 23. Ne2 g5 24. Qb4 Kc7 25.
Nc3 f4 26. a4 a5 27. Nb5+ Bxb5 28. Qxb5 f3 29. Qa6 Ra8 30. Qb5 Rge8 31. Rf1 g4 32.
b3 Rf8 33. Kg1 f2+ 34. Kh1 g3 35. bxc4 Qh4 36. h3 Rg8 37. cxd5 Qxh3+ 38. gxh3 g2+ 39.
Kh2 g1=Q+ 40. Rxg1 fxg1=Q# 0-1

[Event "Early-Titled-Tuesday-Blitz-September-12-2023"]
[Site "Chess.com"]
[Date "2023.09.12"]
[Round "4"]
[White "GlavkonVVS"]
[Black "kleinebeer98"]
[Result "0-1"]
[WhiteElo "2577"]
[BlackElo "2835"]
[TimeControl "180+1"]
[EndTime "8:38:19 PDT"]
[Termination "kleinebeer98 won on time"]

1. c4 e5 2. Nc3 Nf6 3. g3 c6 4. Bg2 d5 5. cxd5 cxd5 6. Qb3 d4 7. Bxb7 Bxb7 8. Qxb7 Nbd7 9. Nd5 Rc8 10. Nxf6+ gxf6 11. Nf3 d3 12. exd3 Nc5 13. Qb5+ Qd7 14. Qxd7+ Kxd7 15. d4 Nd3+ 16. Ke2 e4 17. Nh4 Ke6 18. f3 f5 19.
fxe4 fxe4 20. Rf1 Be7 21. Nf5 Bf6 22. d5+ Kxd5 23. Ne3+ Ke6 24. Rb1 Bg5 25. b4 Bxe3 26. Kxe3 f5 27. g4 fxg4 28. Kxe4 Rhd8 29. b5 Rc4+ 30. Ke3 Ke5 31. Bb2+ Nxb2 32. Rxb2 Re4+ 33. Kf2 h5 34. Kg1 h4 35. Rc2 Rd5 36. Rc7 Rxd2 37.
Rxa7 Rb4 38. a4 Rbb2 39. Re1+ Kd6 40. Rg7 Rg2+ 41. Kh1 Rxh2+ 42. Kg1 Rbg2+ 43. Kf1 h3 44. Rg6+ Kc5 45. Re5+ Kd4 0-1

[Event "Early-Titled-Tuesday-Blitz-September-12-2023"]
[Site "Chess.com"]
[Date "2023.09.12"]
[Round "4"]
[White "Herman-NY"]
[Black "CSB7"]
[Result "1-0"]
[WhiteElo "2551"]
[BlackElo "2711"]
[TimeControl "180+1"]
[EndTime "8:38:19 PDT"]
[Termination "Herman-NY won on time"]

1. e4 c5 2. Nf3 Nc6 3. d4 Nxd4 4. Nxd4 cxd4 5. Qxd4 d6 6. Nc3 Nf6 7. Bg5 a6 8. O-O-O Qa5 9. f4 h6 10. Bxf6 gxf6 11.
Kb1 h5 12. Nd5 Be6 13. Bc4 Bh6 14. g3 Rc8 15. Bb3 Qc5 16. Qd3 Kf8 17. Rhe1 Bg7 18. c3 h4 19. f5 Bxd5 20. Bxd5 b5 21. a3 Rb8 22. Rg1 h3 23. Rge1 Bh6 24. Bb3 Bg5 25. Qf3 a5 26. Rd5 Qc7 27. Qd3 b4 28. cxb4 axb4 29. a4 Kg7 30. Ka2 Rhc8 31. Rb5 Rxb5 32. Qxb5 Qc5 33. Qf1 Rh8 34. Qd3 Re8 35. Re2 Rc8 36. Rc2 1-0

[Event "Early-Titled-Tuesday-Blitz-September-12-2023"]
[Site "Chess.com"]
[Date "2023.09.12"]
[Round "4"]
[White "jaskol95"]
[Black "mmDarko"]
[Result "1-0"]
[WhiteElo "2539"]
[BlackElo "2206"]
[TimeControl "180+1"]
[EndTime "8:38:19 PDT"]
[Termination "jaskol95 won by checkmate"]

1. d4 Nf6 2. Nc3 d5 3. Bf4 e6 4. Nb5 Na6 5. e3 c6 6. Nc3 Nb8 7. Nf3 Bd6 8. Ne5 O-O 9. Bd3 Qe7 10. Qf3 c5 11. dxc5 Bxc5 12. Qh3 Nbd7 13. Nxd7 Bxd7 14.
Bg5 h6 15. Bxh6 gxh6 16. Qxh6 Bb4 17. O-O Bxc3 18. bxc3 e5 19. e4 Nxe4 20. f4 Qf6 21. Qh5 Qf5 22. Qh4 Qg4 23. Qh6 Qg6 24. Qh4 Qg4 25. Qe7 Rae8 26. Qb4 exf4 27. Qxb7 Be6 28. Bxe4 dxe4 29. Qxe4 Qg6 30. Qxf4 Rd8 31. Rf3 f5 32. Rg3 Kf7 33. Rxg6 Kxg6 34. Re1 Rfe8 35. h4 Kf6 36. Qg5+ Kf7 37. Qh5+ Kf6 38. Qh6+ Kf7 39. Qh7+ Kf6 40. h5 Rd7 41. Qg6+ Ke7 42. Rxe6+ Kd8 43. Qxe8+ Kc7 44. Qxd7+ Kxd7 45. Rf6 a5 46. Rxf5 a4 47. Rf3 Ke6 48.
h6 Kd5 49. h7 Kc4 50. h8=Q a3 51. Qh6 Kd5 52. Rg3 Ke5 53. Qh4 Kf5 54. Rg5+ Ke6 55. Qh6+ Kf7 56. Rg7+ Ke8 57. Qh8# 1-0

[Event "Early-Titled-Tuesday-Blitz-September-12-2023"]
[Site "Chess.com"]
[Date "2023.09.12"]
[Round "4"]
[White "Der_Balak_3Halak"]
[Black "Roman_Ovetchkin"]
[Result "0-1"]
[WhiteElo "2416"]
[BlackElo "2638"]
[TimeControl "180+1"]
[EndTime "8:38:19 PDT"]
[Termination "Roman_Ovetchkin won on time"]

1. e4 c6 2. Nf3 d5 3. Nc3 dxe4 4. Nxe4 Nf6 5. Qe2 Nxe4 6. Qxe4 Nd7 7. Bc4 Nf6 8. Ne5 e6 9. Qe2 b5 10. Bb3 Qc7 11. d4 Bd6 12. O-O O-O 13. c3 Bb7 14.
Nd3 Bxh2+ 15. Kh1 Bd6 16. Bc2 c5 17. dxc5 Bxc5 18. Nxc5 Qxc5 19. Be3 Qh5+ 20. Qxh5 Nxh5 21. a4 a6 22. Rad1 Bd5 23. Bd3 bxa4 24. c4 Bc6 25.
Bc2 Rfd8 26. Ra1 Rdb8 27. Bxa4 Bxa4 28. Rxa4 Rxb2 29. Rfa1 Rc2 30. Rxa6 Rxa6 31. Rxa6 h6 32. c5 Nf6 33. Ra8+ Kh7 34. Ra7 Kg6 35. Bd4 e5 36. Bxe5 Rc1+ 37. Kh2 Ng4+ 38. Kg3 Nxe5 39. Ra6+ f6 40.
Ra5 Kf5 41. f3 g5 42. Kf2 Rc2+ 43. Ke3 Rxg2 44. c6 Rc2 45. f4 gxf4+ 46. Kd4 Rxc6 47.
Kd5 Rc8 48. Ra6 f3 49. Kd6 Rc6+ 0-1

[Event "Early-Titled-Tuesday-Blitz-September-12-2023"]
[Site "Chess.com"]
[Date "2023.09.12"]
[Round "4"]
[White "Stewie_89"]
[Black "Kapitan_Bayan"]
[Result "0-1"]
[WhiteElo "2430"]
[BlackElo "2217"]
[TimeControl "180+1"]
[EndTime "8:38:19 PDT"]
[Termination "Kapitan_Bayan won by resignation"]

1. e4 c5 2. Nf3 d6 3. Bb5+ Nd7 4. O-O a6 5. Bxd7+ Bxd7 6. d4 cxd4 7. Qxd4 Nf6 8. c4 b5 9. Nc3 bxc4 10. Qxc4 Qc8 11.
Qd3 g6 12. Bg5 Bg7 13. Rac1 Qb7 14. Rfd1 O-O 15. e5 dxe5 16. Bxf6 Bf5 17. Bxg7 Bxd3 18.
Bxf8 Kxf8 19. Rxd3 e4 20. Nxe4 Qxe4 21. Rd7 Qf5 22. Rdc7 Rd8 23. h3 Qa5 24. a3 Qb5 25. b4 Qa4 26. R1c3 Qd1+ 27. Kh2 Qd6+ 28. g3 Qb6 29. Kg2 Rd1 30. Rc8+ Kg7 31. Re3 e6 32. Rc5 Ra1 33. Ne5 Ra2 34. Rf3 f6 35. Nd7 Qb7 36.
Nxf6 Rxa3 37. Ne8+ Kh8 38. Rc8 Qxf3+ 0-1

[Event "Early-Titled-Tuesday-Blitz-September-12-2023"]
[Site "Chess.com"]
[Date "2023.09.12"]
[Round "4"]
[White "Eagle_2019"]
[Black "Tonychess32"]
[Result "1-0"]
[WhiteElo "2687"]
[BlackElo "2512"]
[TimeControl "180+1"]
[EndTime "8:38:20 PDT"]
[Termination "Eagle_2019 won on time"]

1. d4 Nf6 2. Nf3 e6 3. c4 d5 4. Nc3 Be7 5. cxd5 exd5 6. Qc2 c6 7. Bf4 O-O 8. e3 Bd6 9. Bxd6 Qxd6 10. Bd3 Re8 11. O-O Nbd7 12. Rab1 a5 13. a3 Nb6 14. Ne5 Rxe5 15. dxe5 Qxe5 16. Be2 Bf5 17. Bd3 Ng4 18. g3 Nxe3 19. fxe3 Qxe3+ 20. Qf2 Qxf2+ 21. Rxf2 Bxd3 22. Re1 Kf8 23. b3 Rd8 24. Rd2 Bg6 25. Ne2 a4 26.
bxa4 Nxa4 27. Nd4 c5 28. Nb5 d4 29. g4 h6 30. h4 h5 31. g5 Nb6 32. Kf2 Nd5 33. Re5 Ne3 34. Rxc5 Nf5 35. a4 f6 36.
gxf6 gxf6 37. a5 Ra8 38. Nc7 Ra7 39. Ne6+ Kf7 40. Nxd4 Nxh4 41. Kg3 1-0

[Event "Early-Titled-Tuesday-Blitz-September-12-2023"]
[Site "Chess.com"]
[Date "2023.09.12"]
[Round "4"]
[White "viktorskliarov"]
[Black "Juicy_Fork"]
[Result "1-0"]
[WhiteElo "2661"]
[BlackElo "2453"]
[TimeControl "180+1"]
[EndTime "8:38:20 PDT"]
[Termination "viktorskliarov won on time"]

1. e4 e5 2. Nc3 Nf6 3. Bc4 Nc6 4. d3 Bc5 5. a3 d6 6. h3 h6 7. Nge2 O-O 8. Ng3 Be6 9. Nd5 Bxd5 10. exd5 Ne7 11.
Qf3 Ng6 12. O-O Qd7 13. Nf5 Nh7 14. c3 b5 15. Bb3 Rad8 16. d4 exd4 17. cxd4 Bb6 18.
Be3 Ne7 19. Nxe7+ Qxe7 20. a4 bxa4 21. Bxa4 f5 22. Qd1 f4 23. Bc1 f3 24. g3 Qf6 25.
Be3 Qf5 26. Kh2 Ng5 27. Bxg5 Qxg5 28. Qd3 Qf6 29. Rad1 h5 30. h4 g6 31. Rfe1 Kg7 32.
Re6 Qf5 33. Qc4 Rf7 34. Bc2 Qg4 35. Rxg6+ Qxg6 36. Bxg6 Kxg6 37. Re1 Rdd7 38. Re6+ Kg7 39. Qd3 Rde7 40. Qg6+ Kf8 41. Qh6+ Ke8 42. Qh8+ Kd7 43.
Qxh5 Bxd4 44. Qg4 Bxf2 45. Re2+ Kd8 46. Rxf2 Re3 47. Qg8+ Ke7 48. Qg5+ 1-0

[Event "Early-Titled-Tuesday-Blitz-September-12-2023"]
[Site "Chess.com"]
[Date "2023.09.12"]
[Round "4"]
[White "HanSchut"]
[Black "BatboldNyamsuren0919"]
[Result "0-1"]
[WhiteElo "2258"]
[BlackElo "2489"]
[TimeControl "180+1"]
[EndTime "8:38:20 PDT"]
[Termination "BatboldNyamsuren0919 won on time"]

1. e4 c5 2. Nf3 Nc6 3. d4 cxd4 4.
Nxd4 Nf6 5. Nc3 g6 6. Be3 Bg7 7. f3 O-O 8. Bc4 Qb6 9. Qd2 Qxb2 10. Rb1 Qa3 11. O-O Qc5 12. Nxc6 Qxc6 13. Bb5 Qc7 14. Bd4 a6 15. e5 axb5 16. exf6 exf6 17. Rxb5 d6 18. Rfb1 Be6 19. Rxb7 Qc4 20. R1b4 Qc6 21. a4 Rfe8 22. R7b6 Qc8 23. Rxd6 Bf8 24. Nb5 Rd8 25.
Rxd8 Qxd8 26. Rb2 Rxa4 27. c3 Bc4 28. Qf4 Ra1+ 29. Kf2 Rf1+ 30. Kg3 Bxb5 0-1

[Event "Early-Titled-Tuesday-Blitz-September-12-2023"]
[Site "Chess.com"]
[Date "2023.09.12"]
[Round "4"]
[White "Ermito2020"]
[Black "KNVB"]
[Result "1-0"]
[WhiteElo "2598"]
[BlackElo "2750"]
[TimeControl "180+1"]
[EndTime "8:38:21 PDT"]
[Termination "Ermito2020 won by checkmate"]

1. e4 b6 2. d4 Bb7 3. Nc3 e6 4. Bd3 Nf6 5. Nf3 Bb4 6. Qe2 d5 7. e5 Ne4 8. Bd2 Bxc3 9. bxc3 Nc6 10. O-O h6 11. c4 Nxd2 12. Qxd2 dxc4 13. Bxc4 Qd7 14.
Rfd1 Ne7 15. Be2 O-O 16. c3 Rfd8 17. Rac1 Qa4 18. Qb2 Rac8 19. Qb3 Qe8 20. Qa3 a6 21. Nd2 Nd5 22. Bf3 Rb8 23. c4 Nf4 24. Qe3 Bxf3 25. Nxf3 Ng6 26. d5 Ne7 27. Qe4 Qa4 28. d6 cxd6 29.
exd6 Nf5 30. Qf4 Qa3 31. d7 Rb7 32. g4 Ne7 33. c5 bxc5 34. Rb1 Rbxd7 35. Rxd7 Rxd7 36.
Rb8+ Kh7 37. Qxf7 Qd3 38. Ng5+ hxg5 39. Qh5# 1-0

[Event "Early-Titled-Tuesday-Blitz-September-12-2023"]
[Site "Chess.com"]
[Date "2023.09.12"]
[Round "4"]
[White "kushbhagat2009"]
[Black "kacprekt"]
[Result "0-1"]
[WhiteElo "2630"]
[BlackElo "2454"]
[TimeControl "180+1"]
[EndTime "8:38:21 PDT"]
[Termination "kacprekt won on time"]

1. d4 Nf6 2. Bf4 d6 3. e3 c5 4. Nf3 Qb6 5. Qc1 Nh5 6. Bg3 Nxg3 7. hxg3 g6 8. c3 Bg7 9. Nbd2 O-O 10. Bd3 Nd7 11. O-O Qc7 12. b4 b6 13. a4 Bb7 14.
a5 Rac8 15. bxc5 dxc5 16. axb6 axb6 17. Qb2 e5 18. dxe5 Nxe5 19. Nxe5 Qxe5 20. Qxb6 Bxg2 21. Kxg2 Qd5+ 22. Be4 Qxd2 23. Rac1 Bxc3 24. Rc2 Ba5 25. Qa6 Qb4 26. Bf3 c4 27. Rfc1 c3 28. Ra1 Rc5 29. Qd3 Rd8 30. Qe4 Qxe4 31. Bxe4 Rd2 32. Raa2 Kg7 33. Kf3 Rb5 34. Bc6 Rb2 35. Raxb2 cxb2 36. Rxd2 b1=Q 37. Rd7 Qf5+ 38. Kg2 Qe6 39. Ba4 Qe4+ 0-1

[Event "Early-Titled-Tuesday-Blitz-September-12-2023"]
[Site "Chess.com"]
[Date "2023.09.12"]
[Round "4"]
[White "Duhless"]
[Black "assezde36"]
[Result "1-0"]
[WhiteElo "2984"]
[BlackElo "2814"]
[TimeControl "180+1"]
[EndTime "8:38:22 PDT"]
[Termination "Duhless won on time"]

1. d4 Nf6 2. Nf3 e6 3. Bg5 h6 4. Bxf6 gxf6 5. e4 d5 6. Nbd2 c5 7. exd5 Qxd5 8. Bc4 Qh5 9. Ne4 Qg6 10. Qe2 cxd4 11.
Nxd4 Bb4+ 12. c3 Be7 13. O-O-O f5 14. Nb5 fxe4 15. Nc7+ Kf8 16. Nxa8 Nd7 17. Nc7 a6 18.
Rhe1 Nf6 19. Kb1 Qf5 20. Ka1 Qc5 21. Nxe6+ Bxe6 22. Bxe6 fxe6 23. f3 e3 24. Rd4 Kf7 25.
Qxe3 e5 26. Qxe5 Qxe5 27. Rxe5 Rg8 28. Re2 Rg5 29. Kb1 Bc5 30. Rd3 Rh5 31. h3 Rg5 32. g4 Nd5 33. h4 Nf4 34. Rd7+ Kg6 35. Re4 Rd5 36. Rxd5 Nxd5 37. Re5 1-0

[Event "Early-Titled-Tuesday-Blitz-September-12-2023"]
[Site "Chess.com"]
[Date "2023.09.12"]
[Round "4"]
[White "Evgeny81"]
[Black "aghasiyevkamal"]
[Result "0-1"]
[WhiteElo "2739"]
[BlackElo "2563"]
[TimeControl "180+1"]
[EndTime "8:38:22 PDT"]
[Termination "aghasiyevkamal won by resignation"]

1. e4 e5 2. Nf3 Nc6 3. Bb5 a6 4. Ba4 Nf6 5. O-O b5 6. Bb3 Bc5 7. c3 d6 8. d4 Bb6 9. Bg5 h6 10. Bxf6 Qxf6 11. Bd5 Bd7 12. a4 Rb8 13. axb5 axb5 14.
dxe5 Nxe5 15. Nxe5 dxe5 16. Nd2 O-O 17. Qf3 Qe7 18.
Rfd1 c6 19. Bb3 Be6 20. Bxe6 fxe6 21. Qg4 Rxf2 22. Kh1 Rf4 23. Qe2 Rbf8 24. Nf3 g5 25. Nxe5 Qc7 26. Ng6 Rf2 27. Qh5 Qf7 28. h3 Kg7 29.
Qg4 Qxg6 30. Qg3 Qf6 31. e5 Rf1+ 32. Rxf1 Qxf1+ 33. Rxf1 Rxf1+ 34. Kh2 Bg1+ 35. Kh1 Bf2+ 36. Kh2 Bxg3+ 37. Kxg3 Rb1 0-1

[Event "Early-Titled-Tuesday-Blitz-September-12-2023"]
[Site "Chess.com"]
[Date "2023.09.12"]
[Round "4"]
[White "Arteler"]
[Black "Forge13"]
[Result "1-0"]
[WhiteElo "2430"]
[BlackElo "2617"]
[TimeControl "180+1"]
[EndTime "8:38:24 PDT"]
[Termination "Arteler won on time"]

1. d4 Nf6 2. Nc3 e6 3. e4 d5 4. Bg5 dxe4 5. Nxe4 Be7 6. Bxf6 gxf6 7. Nf3 f5 8. Ned2 c5 9. Nb3 cxd4 10. Qxd4 Bf6 11. Qxd8+ Kxd8 12. O-O-O+ Ke7 13. Bb5 a6 14. Bd3 Rd8 15.
Rhe1 Kf8 16. Na5 Ra7 17. c3 Nc6 18. Nxc6 bxc6 19. Be2 Rad7 20. Rxd7 Rxd7 21. Kc2 c5 22. Nd2 Bg5 23. Nc4 Bb7 24. g3 Be4+ 25. Kb3 Rb7+ 26.
Ka3 Be7 27. f4 f6 28. Rd1 Bd5 29. b3 Kf7 30. Kb2 Kf8 31. Ne3 Be4 32. Bxa6 Ra7 33. Bc4 Kf7 34. Nf1 h5 35. Nd2 Bc6 36. Re1 Bd7 37. Nf3 Bf8 38. Nh4 Ke7 39. Nxf5+ Kd8 40. Bxe6 Bc6 41. c4 Rh7 42. Kc3 Kc7 43. a3 Rh8 44. b4 cxb4+ 45. axb4 1-0

[Event "Early-Titled-Tuesday-Blitz-September-12-2023"]
[Site "Chess.com"]
[Date "2023.09.12"]
[Round "4"]
[White "Aradhya2000"]
[Black "sergoy"]
[Result "0-1"]
[WhiteElo "2695"]
[BlackElo "2929"]
[TimeControl "180+1"]
[EndTime "8:38:29 PDT"]
[Termination "sergoy won by checkmate"]

1. d4 Nf6 2. c4 e6 3. Nf3 d5 4.
Nc3 c6 5. Bg5 h6 6. Bxf6 Qxf6 7.
Qb3 a5 8. e3 a4 9. Nxa4 dxc4 10.
Bxc4 b5 11. Bxb5 cxb5 12. Nb6 Bb7 13. Nxa8 Qd8 14. Rc1 Qa5+ 15. Kf1 Bd6 16. a4 b4 17. Ne5 Qxa8 18. f3 O-O 19. Kf2 Bd5 20. Nc4 Nd7 21. e4 Bxc4 22. Qxc4 Bf4 23. Ra1 Rc8 24. Qd3 Qa7 25.
g3 Ne5 26. Qd1 Rc4 27. Kg2 Rxd4 28. Qg1 Rd2+ 29. Kh3 Be3 30. Qf1 Nd3 31. Rg1 Qc5 32.
g4 Bxg1 33. Qxg1 Nf2+ 34. Kh4 Qg5+ 35. Kg3 Qe5+ 36. Kh4 Nxe4 37. h3 Qg5# 0-1

[Event "Early-Titled-Tuesday-Blitz-September-12-2023"]
[Site "Chess.com"]
[Date "2023.09.12"]
[Round "4"]
[White "biesiadnik"]
[Black "OK97"]
[Result "0-1"]
[WhiteElo "2570"]
[BlackElo "2822"]
[TimeControl "180+1"]
[EndTime "8:38:29 PDT"]
[Termination "OK97 won by resignation"]

1. e4 c5 2. Nf3 d6 3. Bb5+ Bd7 4.
Bxd7+ Nxd7 5. O-O Ngf6 6. Qe2 e6 7. c4 Ne5 8. Nxe5 dxe5 9. d3 Be7 10. Be3 O-O 11. Nc3 Nd7 12. a3 Nb8 13. Rfb1 Nc6 14. Na4 b6 15. Qd2 Qd7 16. b4 cxb4 17. axb4 Rad8 18.
c5 b5 19. Nc3 Rb8 20. Ra6 Rfd8 21. Ne2 Qc8 22. Rba1 Rb7 23. h3 Rbd7 24. R1a3 Rxd3 25. Rxd3 Qxa6 26. Rxd8+ Bxd8 27. Qd7 Be7 28. Bg5 Bf8 29. Kh2 h6 30. Bh4 Nxb4 31. Qe8 Qc6 32. Qb8 Qxc5 33.
Ng3 Nc6 34. Qc8 Nd4 35. Qb8 a5 36. Nh5 Qd6 37. Qa8 a4 38. Bg3 a3 39. f4 exf4 40.
Bxf4 e5 41. Bd2 b4 42. Ng3 Nf3+ 43. gxf3 Qxd2+ 44. Kh1 Qd1+ 45. Kg2 Qd2+ 0-1

[Event "Early-Titled-Tuesday-Blitz-September-12-2023"]
[Site "Chess.com"]
[Date "2023.09.12"]
[Round "4"]
[White "HrvojeZagreb"]
[Black "guillembaches"]
[Result "1-0"]
[WhiteElo "2277"]
[BlackElo "2524"]
[TimeControl "180+1"]
[EndTime "8:38:29 PDT"]
[Termination "HrvojeZagreb won on time"]

1. f4 d5 2. b3 Bf5 3. Bb2 e6 4. d3 c6 5. Nd2 Qb6 6. e4 Bg6 7. Qe2 Nf6 8. Bxf6 gxf6 9. f5 exf5 10. exf5+ Kd7 11. fxg6 hxg6 12. Ngf3 Ba3 13. Qf2 Qc7 14. Be2 Na6 15. O-O Nb4 16. Bd1 Bb2 17. Rb1 Bc3 18. a3 Na6 19. b4 Rae8 20. Rb3 Be5 21. Nxe5+ Qxe5 22. Nf3 Qd6 23. Qxa7 Nc7 24. Qxb7 g5 25.
b5 g4 26. Qxc6+ Qxc6 27. bxc6+ Kxc6 28. Nd4+ Kc5 29. Nf5 Ne6 30. c3 Ng5 31. Bxg4 Rhg8 32. d4+ Kc4 33. Rfb1 Kd3 34. Nd6 Ne4 35. c4+ Kd2 36.
Nxe4+ dxe4 37. R1b2+ Kc1 38. Bf5 e3 39. Rc2+ 1-0

[Event "Early-Titled-Tuesday-Blitz-September-12-2023"]
[Site "Chess.com"]
[Date "2023.09.12"]
[Round "4"]
[White "JAN2404"]
[Black "AlexandraSamaganova"]
[Result "0-1"]
[WhiteElo "2014"]
[BlackElo "2297"]
[TimeControl "180+1"]
[EndTime "8:38:29 PDT"]
[Termination "AlexandraSamaganova won on time"]

1. c4 c5 2. Nf3 Nf6 3. Nc3 e6 4.
g3 Nc6 5. Bg2 d5 6. cxd5 exd5 7.
d4 cxd4 8. Nxd4 h6 9. O-O Be7 10. a3 O-O 11. b4 Bg4 12. Re1 Qd7 13. Bf4 Rac8 14. Rc1 Rfd8 15. Nxc6 bxc6 16. Qd4 a5 17.
Red1 axb4 18. axb4 Bd6 19. f3 Be6 20. Bxd6 Qxd6 21.
e4 Qb8 22. e5 Nd7 23. Na4 Qxe5 24. Nc5 Qxd4+ 25. Rxd4 Ne5 26. Re1 Nc4 27. Nxe6 fxe6 28. Rxe6 Rd6 29. Bh3 Rcd8 30. Re7 Rb8 31. Rg4 g5 32. f4 Rg6 33. f5 Rg7 34. f6 Rxe7 35.
fxe7 Kf7 36. Rd4 Kxe7 37. Bf1 Nd6 0-1

[Event "Early-Titled-Tuesday-Blitz-September-12-2023"]
[Site "Chess.com"]
[Date "2023.09.12"]
[Round "4"]
[White "ElenaPershina"]
[Black "IMTominho"]
[Result "0-1"]
[WhiteElo "2264"]
[BlackElo "2801"]
[TimeControl "180+1"]
[EndTime "8:38:31 PDT"]
[Termination "IMTominho won by resignation"]

1. d4 Nf6 2. c4 e6 3. g3 Bb4+ 4. Bd2 a5 5. Bg2 O-O 6. e4 c5 7. Ne2 Nc6 8. d5 Ne5 9. Qc2 exd5 10. cxd5 d6 11. O-O Re8 12. Nbc3 h5 13. a3 Bxc3 14. Bxc3 h4 15. Nf4 b5 16. b3 Ba6 17. Rfe1 b4 18. axb4 axb4 19. Bb2 Qd7 20. h3 hxg3 21. fxg3 Nh7 22.
Kh2 Ng5 23. Re3 Bd3 24. Nxd3 Rxa1 25. Bxa1 Ng6 26. Qb2 f6 27. Nf2 Ne5 28. Qe2 Nef7 29. Ng4 Ra8 30. Bxf6 Nh7 31. Bb2 Ra2 32. Rd3 Nf8 33.
Rd2 Ng6 34. Qf3 Ne7 35. Rf2 Qe8 36. Qf4 Ng6 37. Qf5 Nf8 38. Qh5 Qe7 39. Qf5 Ra7 40.
Ne3 Nd7 41. Ng4 Nf8 42. e5 dxe5 43. Nxe5 Nd6 44. Qg5 Qxg5 45. Nc6 Rf7 46. Re2 Qh5 47. Nd8 Qxe2 0-1

[Event "Early-Titled-Tuesday-Blitz-September-12-2023"]
[Site "Chess.com"]
[Date "2023.09.12"]
[Round "4"]
[White "vi_pranav"]
[Black "Andrei_Belozerov"]
[Result "1-0"]
[WhiteElo "2976"]
[BlackElo "2592"]
[TimeControl "180+1"]
[EndTime "8:38:32 PDT"]
[Termination "vi_pranav won by resignation"]

1. Nf3 d5 2. g3 Bg4 3. Bg2 Nd7 4. O-O Ngf6 5. d4 e6 6. c4 c6 7. Ne5 Bh5 8. Nc3 Be7 9. Bf4 O-O 10. Qb3 Qb6 11.
c5 Qa6 12. Rfe1 Nxe5 13. Bxe5 b6 14. cxb6 axb6 15. e4 Bg6 16. exd5 Nxd5 17. Nxd5 cxd5 18. Bf1 Qb7 19. Rac1 Rfc8 20. a3 h5 21. h4 Bf5 22.
Bb5 Rxc1 23. Rxc1 Rc8 24. Rc3 f6 25. Bf4 Kf7 26. Be2 Bg4 27. Bxg4 hxg4 28. Rxc8 Qxc8 29. Qxb6 Qc2 30. Be3 Qb1+ 31. Kh2 Bxa3 32. b3 Be7 33. Qb7 Qb2 34. Qb8 Qb1 35. Qb5 Qb2 36. Qd3 g6 37.
Qb5 Qb1 38. Qb8 Qb2 39. Qh8 Qxb3 40. Qh7+ Ke8 41. Qxg6+ Kd7 42. h5 Qd1 43. h6 Bb4 44. h7 Bd2 45. h8=Q Bxe3 46. Qf7+ 1-0

[Event "Early-Titled-Tuesday-Blitz-September-12-2023"]
[Site "Chess.com"]
[Date "2023.09.12"]
[Round "4"]
[White "Hilary46"]
[Black "Iball95"]
[Result "1-0"]
[WhiteElo "2577"]
[BlackElo "2775"]
[TimeControl "180+1"]
[EndTime "8:38:32 PDT"]
[Termination "Hilary46 won on time"]

1. e4 c5 2. Nf3 e6 3. d4 cxd4 4. Nxd4 Nf6 5. Nc3 Nc6 6. Ndb5 Bc5 7. Bf4 O-O 8. Bc7 Qe7 9. Bd6 Bxd6 10. Qxd6 Qd8 11.
Nc7 Rb8 12. Be2 b5 13. e5 b4 14. exf6 bxc3 15. fxg7 Kxg7 16. b3 Qf6 17. O-O Nd4 18. Bd3 Rb6 19. Qg3+ Kh8 20. Rae1 Rg8 21. Qh3 Rg7 22.
Re4 Nf3+ 23. Kh1 Ng5 24. Qe3 Nxe4 25. Ne8 Qg5 26. Nxg7 Qxe3 27. fxe3 Kxg7 28. Bxe4 Ba6 29. Rd1 f5 30. Rxd7+ Kf6 31. Bf3 Rb5 32. Kg1 Re5 33. Kf2 h5 34. Rxa7 Bb5 35. a4 Be8 36. a5 Rb5 37. a6 Ra5 38. Ra8 Bb5 39. a7 Ra2 40.
Bd1 Ke5 41. Rb8 1-0

[Event "Early-Titled-Tuesday-Blitz-September-12-2023"]
[Site "Chess.com"]
[Date "2023.09.12"]
[Round "4"]
[White "ErikRonka"]
[Black "LileKoridze"]
[Result "1-0"]
[WhiteElo "2538"]
[BlackElo "2366"]
[TimeControl "180+1"]
[EndTime "8:38:32 PDT"]
[Termination "ErikRonka won by resignation"]

1. e4 c5 2. Nf3 d6 3. d4 cxd4 4. Nxd4 Nf6 5. Nc3 a6 6. Be3 e5 7. Nb3 Be6 8. f3 Nbd7 9. Qd2 b5 10. g4 Nb6 11. a4 b4 12. Nd1 Nc4 13. Bxc4 Bxc4 14. g5 Nd7 15. Nf2 a5 16. O-O-O Qc7 17.
Kb1 Qc6 18. Nc1 Be7 19. h4 Nb6 20. b3 Be6 21. h5 Rd8 22. Nfd3 Qc7 23. Qf2 Nd7 24.
g6 h6 25. gxf7+ Bxf7 26. f4 exf4 27. Nxf4 Bf6 28. Bd4 Ne5 29. Bb6 Qc3 30. Nce2 Qc8 31. Bxd8 Qxd8 32. Nd4 Qc8 33. Nf5 O-O 34. Qg3 Kh7 35.
Rhg1 Bg5 36. Nd5 Bxd5 37. Rxd5 Qc6 38. Rgd1 Qb6 39. Qg1 Qxg1 40. Rxg1 Rxf5 41. exf5 1-0

[Event "Early-Titled-Tuesday-Blitz-September-12-2023"]
[Site "Chess.com"]
[Date "2023.09.12"]
[Round "4"]
[White "Arash_Tahbaz"]
[Black "Andreikka"]
[Result "0-1"]
[WhiteElo "2832"]
[BlackElo "3006"]
[TimeControl "180+1"]
[EndTime "8:38:34 PDT"]
[Termination "Andreikka won by resignation"]

1. Nf3 Nf6 2. g3 b5 3. Bg2 Bb7 4. O-O g6 5. d3 Bg7 6. e4 O-O 7. Nfd2 e5 8. f4 d6 9. Nf3 c5 10. Nc3 b4 11. Ne2 Nc6 12. h3 exf4 13. Nxf4 a5 14. g4 Nd7 15. Nd5 Nde5 16. Nxe5 Nxe5 17. Bf4 Bxd5 18. exd5 a4 19. Qd2 Re8 20. a3 bxa3 21.
Rxa3 Qb6 22. c3 Nxd3 23. Ra2 c4+ 24. Kh1 Qc5 25. Bh2 Be5 26. Bg1 Qb5 27. Rfa1 Qb3 28. Bf3 Bf4 29. Qd1 Re1 30. Qxb3 cxb3 31. Ra3 Rxa1 32.
Rxa1 Nxb2 33. Be2 Be5 34. Ra3 Bxc3 35. Bb5 Bb4 36. Ra1 a3 37. Bd4 Rc8 38. Bc6 Nc4 39. Bd7 Rc7 40. Bb5 b2 41. Re1 Bxe1 0-1